 Dungeon Crawl Stone Soup version 0.20-a0-438-g3bc703b (webtiles) character file.

24 Asddderdsw the Gusty (level 2, -3/20 HPs)
             Began as a Draconian Air Elementalist on Jan 5, 2017.
             Slain by a quokka (4 damage)
             ... on level 2 of the Dungeon.
             The game lasted 00:08:45 (925 turns).

Asddderdsw the Gusty (Draconian Air Elementalist)    Turns: 925, Time: 00:08:46

Health: -3/20      AC:  4    Str: 10    XL:     2   Next: 79%
Magic:  3/5        EV: 12    Int: 15    God:
Gold:   60         SH:  0    Dex: 11    Spells: 4/5 levels left

rFire  . . .     SeeInvis .     e - -2 whip (curse)
rCold  . . .     Gourm    .     (armour unavailable)
rNeg   . . .     Faith    .     (no shield)
rPois  .         Spirit   .     (helmet restricted)
rElec  .         Reflect  .     (no cloak)
rCorr  .         Harm     .     (no gloves)
MR     .....                    (no boots)
Stlth  ++........               (no amulet)
                                (no ring)
                                (no ring)

@: no status effects
A: unfitting armour, cold-blooded, AC +4
a: no special abilities


You were on level 2 of the Dungeon.
You were not hungry.

You visited 1 branch of the dungeon, and saw 2 of its levels.

You collected 60 gold pieces.

Inventory:

Hand Weapons
 e - a cursed -2 whip (weapon)
Missiles
 c - 67 stones (quivered)
Potions
 h - 2 potions of berserk rage
Books
 a - a book of Air

   Spells                             Type                      Level
   a - Shock                          Conjuration/Air              1
   b - Swiftness                      Charms/Air                   2
   c - Repel Missiles                 Charms/Air                   2
   d - Static Discharge               Conjuration/Air              3
   e - Lightning Bolt                 Conjuration/Air              5
Comestibles
 b - 2 bread rations
 d - a chunk of flesh
 g - 4 fruits


   Skills:
 + Level 0.3 Throwing
 + Level 2.1 Dodging
 + Level 1.9 Stealth
 + Level 0.2 Unarmed Combat
 + Level 2.2 Spellcasting
 + Level 1.1 Conjurations
 + Level 3.4 Air Magic


You had 4 spell levels left.
You knew the following spells:

 Your Spells              Type           Power        Failure   Level  Hunger
a - Shock                 Conj/Air       #...         12%         1    #......


Dungeon Overview and Level Annotations

Branches:
Dungeon (2/15)

Altars:


Innate Abilities, Weirdness & Mutations

Your plain brown scales are hard. (AC +4)
You cannot fit into any form of body armour.
You are cold-blooded and may be slowed by cold attacks.


Message History

The quokka bites you but does no damage.
Found a meat ration.
You closely miss the quokka. The quokka bites you.
You barely miss the quokka.
The quokka bites you but does no damage.
The quokka bites you.
You completely miss the quokka. The quokka misses you.
You barely miss the quokka. The quokka bites you.
You barely miss the quokka. The quokka bites you.
* * * LOW HITPOINT WARNING * * *
The quokka barely misses you.
You miss the quokka.
Your tail-slap misses the quokka.
The quokka completely misses you.
You closely miss the quokka.
Your tail-slap misses the quokka.
The quokka bites you.
* * * LOW HITPOINT WARNING * * *
You barely miss the quokka.
The quokka bites you but does no damage.
The quokka bites you.
You die...

#......#
########......#####
###......#..........#
.%......>..........+
#.................#
#.................#
#.................#
#.............##....
#....@r.....(.# .....
#....##.......#
......
#.........#####
...... #.........#
#.........#
#..........
#........###
#........#


You could see a quokka.

Vanquished Creatures
  A dart slug (D:1)
  2 leopard geckos (D:1)
  3 bats
  2 giant cockroaches
  3 goblins (D:1)
  2 hobgoblins (D:1)
  A frilled lizard (D:1)
  3 kobolds (D:1)
  A rat (D:1)
18 creatures vanquished.

Notes
Turn   | Place    | Note
-------+----------+-------------------------------------------
     0 | D:1      | Asddderdsw the Draconian Air Elementalist began the quest for the Orb.
     0 | D:1      | Reached XP level 1. HP: 14/14 MP: 3/3
   267 | D:1      | Reached XP level 2. HP: 5/20 MP: 0/5
   924 | D:2      | HP: 1/20 [quokka (4)]
   925 | D:2      | Slain by a quokka

Vault maps used:
D:1:      minmay_arrival_shattered_statue, minmay_statues_item
D:2:      xom_butterflies, makhleb_heckhound_becter, kiku_gazebo_garden_becter,
          minmay_misc_feat_alley, minmay_pentomino_w4, uniq_sigmund

Skill      XL: |  1  2 |
---------------+-------+-----
Dodging        | 2 |  2.1
Throwing       | |  0.3
Stealth        | |  1.9
Unarmed Combat | |  0.2
Spellcasting   | |  2.2
Conjurations   | |  1.1
Air Magic      | |  3.4

Action                   || total
-------------------------++-------
Melee: Whip              ||    60
       Unarmed           ||    16
       Tailslap          ||     8
Throw: Stone             ||     6
 Cast: Shock             ||    14
  Use: Scroll            ||     4
       Potion            ||     2
Armor: Skin              ||    51
Dodge: Dodged            ||    72
